 Dungeon Crawl Stone Soup version 0.29.1-13-g9f3cf754e1 (webtiles) character file.

Game seed: 8080983923136178054

2925327 Midpoint the Crack Shot (level 27, 186/256 HPs)
             Began as a Minotaur Abyssal Knight on Feb 7, 2023.
             Was the Champion of Lugonu.
             Escaped with the Orb
             ... and 5 runes on Feb 10, 2023!
             The game lasted 11:07:17 (78180 turns).

Midpoint the Crack Shot (Minotaur Abyssal Knight)  Turns: 78180, Time: 11:07:18

Health: 186/256    AC: 43    Str: 25    XL:     27
Magic:  37/37      EV: 23    Int:  8    God:    Lugonu [******]
Gold:   1859       SH:  9    Dex: 19    Spells: 10/42 levels left

rFire   + + .      SeeInvis +   b - +18 lance "Wyrmbane" {slay drac, rPois rF+ rC+ AC+3}
rCold   + + +      Faith    .   (no shield)
rNeg    + . .      Spirit   .   c - +9 pearl dragon scales
rPois   +          Reflect  +   W - +1 hat {Int+3}
rElec   +          Harm     .   y - +2 cloak {Will+}
rCorr   .          Rampage  +   f - +0 pair of gloves of Tenacity {rPois rC+ SInv}
Will    +++++                   Y - +2 pair of boots {rampage}
Stlth   +.........              s - amulet "Ficenu" {Reflect Will+++ SH+5}
HPRegen 0.52/turn               F - ring of Nozxen {Wiz rElec}
MPRegen 0.25/turn               B - ring "Luurghuaz" {rF+ MP+9 Str+3}

@: hasted, studying Axes, very quick
A: horns 2, retaliatory headbutt, claws 1, large bone plates 1, clumsy 1, cold
resistance 1, dopey 1, low MP 2, strong-willed 1, inability to drink after
injury 1
0: Orb of Zot
}: 5/15 runes: decaying, slimy, silver, abyssal, gossamer
a: Renounce Religion, Depart the Abyss, Bend Space, Banish, Corrupt, Enter the
Abyss, Brand Weapon With Distortion


You escaped.
You worshipped Lugonu.
Lugonu was exalted by your worship.
You visited 11 branches of the dungeon, and saw 53 of its levels.
You visited the Abyss 5 times.
You also visited: Trove, Sewer and Gauntlet.

You collected 8407 gold pieces.
You spent 6548 gold pieces at shops.

Inventory:

Hand Weapons
 a - the +8 longbow "Zephyr" {speed, Dex+3 SInv}
   (You bought it in a shop on level 2 of the Dungeon)

   Attacks with this weapon are significantly faster.
   Dex:       It affects your dexterity (+3).
   SInv:      It lets you see invisible.
 b - the +18 lance "Wyrmbane" (weapon) {slay drac, rPois rF+ rC+ AC+3}
   (You found it on level 5 of the Pits of Slime)

   It inflicts extra damage against dragons and draconians.
   AC:        It affects your AC (+3).
   rF:        It protects you from fire.
   rC:        It protects you from cold.
   rPois:     It protects you from poison.
 k - the +11 great mace of Skirmishing {freeze, rF+}
   (You found it on level 3 of the Elven Halls)

   It freezes those it strikes, dealing additional cold damage.
   It can also slow down cold-blooded creatures.
   rF:        It protects you from fire.
 K - a +9 antimagic flail
Armour
 c - +9 pearl dragon scales (worn)
 f - the +0 pair of gloves of Tenacity (worn) {rPois rC+ SInv}
   (You found it in a treasure trove)

   rC:        It protects you from cold.
   rPois:     It protects you from poison.
   SInv:      It lets you see invisible.
 y - a +2 cloak of willpower (worn)
 W - a +1 hat of intelligence (worn)
 Y - a +2 pair of boots of rampaging (worn)
Jewellery
 h - the ring "Horaug" {rPois rC+ Str+3 SInv}
   (You bought it in a shop on level 2 of the Elven Halls)

   [ring of protection from cold]

   Str:       It affects your strength (+3).
   rC:        It protects you from cold.
   rPois:     It protects you from poison.
   SInv:      It lets you see invisible.
 j - a +4 ring of slaying
 r - the amulet of Xapheeh {RegenMP +Blink Int+6}
   (You found it in a treasure trove)

   [amulet of magic regeneration]

   It increases your rate of magic regeneration.
   Int:       It affects your intelligence (+6).
   +Blink:    It lets you blink.
 s - the amulet "Ficenu" (around neck) {Reflect Will+++ SH+5}
   (You found it in a treasure trove)

   [amulet of reflection]

   It reflects blocked missile attacks.
   SH:        It affects your SH (+5).
   Will:      It greatly increases your willpower.
 B - the ring "Luurghuaz" (right hand) {rF+ MP+9 Str+3}
   (You found it on level 3 of the Elven Halls)

   [ring of magical power]

   Str:       It affects your strength (+3).
   rF:        It protects you from fire.
   MP:        It affects your magic capacity (+9).
 F - the ring of Nozxen (left hand) {Wiz rElec}
   (You found it on level 14 of the Dungeon)

   [ring of wizardry]

   It improves your spell success rate.
   rElec:     It insulates you from electricity.
 I - the amulet "Haucwoci" {Acrobat Harm rC+}
   (You found it on level 14 of the Dungeon)

   [amulet of the acrobat]

   It increases your evasion while moving and waiting.
   rC:        It protects you from cold.
   Harm:      It increases damage dealt and taken.
 Q - a ring of resist corrosion
 R - the amulet of Imaem {Spirit rPois rC+}
   (You found it on level 5 of the Pits of Slime)

   [amulet of guardian spirit]

   It causes incoming damage to be divided between your reserves of health and
   magic.
   rC:        It protects you from cold.
   rPois:     It protects you from poison.
 T - an amulet of regeneration
 V - a ring of positive energy
Wands
 A - a wand of polymorph (30)
 C - a wand of digging (20)
 L - a wand of charming (46)
 P - a wand of acid (18)
 Z - a wand of iceblast (23)
Scrolls
 d - 9 scrolls of immolation
 e - 12 scrolls of butterflies
 l - a scroll of brand weapon
 n - 11 scrolls of fear
 o - 16 scrolls of teleportation
 p - 8 scrolls of magic mapping
 u - 13 scrolls of poison
 D - 5 scrolls of summoning
 S - 8 scrolls of blinking
 X - 4 scrolls of silence
Potions
 i - 25 potions of curing
 m - 8 potions of brilliance
 q - 7 potions of heal wounds
 v - 10 potions of might
 w - 4 potions of magic
 x - 9 potions of resistance
 z - 7 potions of cancellation
 E - 2 potions of haste
 G - 2 potions of berserk rage
 H - 10 potions of lignification
 J - 8 potions of invisibility
 M - 5 potions of mutation
 O - 6 potions of flight
 U - 4 potions of ambrosia
Miscellaneous
 g - a phial of floods
 t - a condenser vane
 N - a phantom mirror


   Skills:
 + Level 22.8 Fighting
 - Level 16.1 Maces & Flails
 + Level 13.8 Polearms
 * Level 23.8 Ranged Weapons
 - Level 2.0 Throwing
 + Level 22.8 Armour
 + Level 20.8 Dodging
 - Level 6.0 Stealth
 + Level 8.1 Spellcasting
 - Level 12.0 Translocations
 + Level 18.7 Invocations
 - Level 4.0 Evocations


You had 10 spell levels left.
You knew the following spells:

 Your Spells              Type           Power      Damage    Failure   Level
a - Portal Projectile     Hex/Tloc       24%        N/A       3%          3
b - Passage of Golubria   Tloc           22%        N/A       1%          4
c - Mephitic Cloud        Conj/Pois/Air  3%         N/A       36%         3
d - Lesser Beckoning      Tloc           22%        N/A       1%          3
e - Manifold Assault      Tloc           22%        N/A       2%          5
f - Apportation           Tloc           44%        N/A       1%          1
g - Passwall              Tmut/Erth      2%         N/A       21%         2
h - Dispersal             Tloc           11%        N/A       16%         6
i - Swiftness             Air            3%         N/A       36%         3
j - Wereblood             Tmut           3%         N/A       21%         2

Your spell library contained the following spells:

 Spells                   Type           Power      Damage    Failure   Level
 Blink                    Tloc           44%        N/A       1%          2
 Gell's Gravitas          Tloc           22%        N/A       1%          3
 Teleport Other           Tloc           22%        N/A       1%          3
 Freeze                   Ice            12%        1d4       13%         1
 Necrotise                Necr           12%        1d4       13%         1
 Slow                     Hex            12%        N/A       13%         1
 Summon Small Mammal      Summ           12%        N/A       13%         1
 Ensorcelled Hibernation  Hex/Ice        6%         N/A       21%         2
 Poisonous Vapours        Pois/Air       6%         N/A       21%         2
 Sublimation of Blood     Necr           3%         N/A       21%         2
 Call Canine Familiar     Summ           3%         N/A       36%         3
 Confusing Touch          Hex            3%         N/A       36%         3
 Conjure Flame            Conj/Fire      3%         6-21      36%         3
 Dazzling Flash           Conj/Hex       6%         N/A       36%         3
 Frozen Ramparts          Ice            6%         1d1       36%         3
 Ignite Poison            Fire/Tmut/Pois 3%         N/A       36%         3
 Ozocubu's Armour         Ice            3%         N/A       36%         3
 Stone Arrow              Conj/Erth      6%         3d7       36%         3
 Summon Guardian Golem    Hex/Summ       3%         N/A       36%         3
 Tukima's Dance           Hex            3%         N/A       36%         3
 Vampiric Draining        Necr           3%         2d6       36%         3
 Airstrike                Air            1%         2d(1-17)  75%         4
 Anguish                  Hex/Necr       1%         N/A       75%         4
 Animate Armour           Summ/Erth      6%         N/A       75%         4
 Cause Fear               Hex            1%         N/A       75%         4
 Corpse Rot               Necr/Pois/Air  3%         N/A       75%         4
 Hailstorm                Conj/Ice       3%         3d3       75%         4
 Leda's Liquefaction      Hex/Erth       1%         N/A       75%         4
 Sticky Flame             Conj/Fire      3%         2d3       75%         4
 Summon Lightning Spire   Summ/Air       3%         N/A       75%         4
 Agony                    Necr           3%         N/A       97%         5
 Blade Hands              Tmut           1%         N/A       97%         5
 Freezing Cloud           Conj/Ice/Air   1%         6-21      97%         5
 Iskenderun's Battlesphe  Conj           3%         2d6       97%         5
 Lee's Rapid Deconstruct  Erth           1%         3d5*      97%         5
 Lightning Bolt           Conj/Air       1%         1d12      97%         5
 Metabolic Englaciation   Hex/Ice        1%         N/A       97%         5
 Silence                  Hex/Air        1%         N/A       97%         5
 Disjunction              Tloc           11%        N/A       99%         8
 Conjure Ball Lightning   Conj/Air       1%         3x3d6     100%        6
 Eringya's Noxious Bog    Tmut/Pois      1%         N/A       100%        6
 Iron Shot                Conj/Erth      1%         9d1       100%        6
 Simulacrum               Ice/Necr       1%         N/A       100%        6
 Statue Form              Tmut/Erth      2%         N/A       100%        6
 Dragon Form              Tmut           1%         N/A       100%        7
 Haunt                    Necr/Summ      1%         N/A       100%        7
 Malign Gateway           Summ/Tloc      6%         N/A       100%        7
 Ozocubu's Refrigeration  Ice            1%         4d7       100%        7
 Spellforged Servitor     Conj/Summ      1%         N/A       100%        7
 Storm Form               Tmut/Air       1%         N/A       100%        7
 Summon Hydra             Summ           1%         N/A       100%        7
 Discord                  Hex            1%         N/A       100%        8
 Lehudib's Crystal Spear  Conj/Erth      1%         10d2      100%        8
 Dragon's Call            Summ           1%         N/A       100%        9


Dungeon Overview and Level Annotations

Branches:
Dungeon (15/15)            Temple (0/1) D:5            Lair (5/5) D:11
  Swamp (4/4) Lair:3       Spider (4/4) Lair:2        Slime (5/5) Lair:5
    Orc (2/2) D:11            Elf (3/3) Orc:2        Vaults (5/5) D:13
  Crypt (1/3) Vaults:3     Depths (4/4) D:15            Zot (5/5) Depths:4
  Sewer (visited)         Gauntlet (visited)

Altars:
Ashenzari
Gozag
Kikubaaqudgha
Makhleb
Nemelex Xobeh
Vehumet
Wu Jian
Xom
Yredelemnul
Jiyva

Shops:
D:2 :*?[   D:3 [   D:4 ?   D:12 ?   D:13 [   D:15 [   Orc:2 ([![:   Elf:2 ::=
Vaults:1 =

Portals:
Hell: Lair:5 Depths:1 Depths:2 Depths:3 Depths:4
Abyss: Depths:1 Depths:3
Pandemonium: Depths:2
Ziggurat: Depths:2

Annotations:
D:4 Sigmund
Slime:5 1 exclusion
Orc:2 corrupted
Elf:2 3 runed translucent doors
Vaults:1 3 runed translucent doors, Bailed's ghost, veteran MiMo; HilariousDeathArtist's ghost, adept CeWn; crisisinutopia's ghost, adept MiFi
Vaults:3 1 exclusion
Vaults:4 1 runed translucent door, Tang's ghost, master DsGl
Vaults:5 corrupted
Depths:1 1 exclusion
Depths:2 3 runed translucent doors, 1 exclusion, javelincjr's ghost, adept DjCj
Zot:2 2 exclusions
Zot:3 1 exclusion
Zot:4 2 exclusions
Zot:5 corrupted


Innate Abilities, Weirdness & Mutations

You have a pair of horns on your head.
You reflexively headbutt those who attack you in melee.
You have sharp fingernails.
You are partially covered in large bone plates. (SH +4)
You are clumsy. (Dex -2)
Your flesh is cold resistant. (rC+)
You are dopey. (Int -2)
Your magical capacity is very low. (-20% MP)
You are strong-willed. (Will+)
You occasionally lose the ability to drink potions when taking damage.


Message History

You kill the tormentor!
Lugonu accepts your kill.
You feel an overwhelming desire to slay dragons!
b - the +18 lance "Wyrmbane" (weapon)
{slay drac, rPois rF+ rC+ AC+3}
Things that are here:
a ring of willpower; a +0 club
There is a stone staircase leading up here.
You climb upwards.
There is a stone staircase leading down here.
There is a stone staircase leading up here.
You climb upwards.
Level annotation: Sigmund
There is a stone staircase leading down here.
Aiming: Dig
Press: ? - help, Shift-Dir - straight line You can't see that place.
The rock shatters into small pieces.
Aiming: Dig
Press: ? - help, Shift-Dir - straight line You can't see that place. [a rock wall.]
The rock shatters into small pieces.
There is a stone staircase leading up here.
You climb upwards.
There is a stone staircase leading down here.
You see here a +0 club.
There is a stone staircase leading up here.
You climb upwards.
There is a stone staircase leading down here.
There is a stone staircase leading up here.
You climb upwards.
There is a stone staircase leading down here.
A hell beast comes into view.
There is an open gate here.
You feel yourself speed up.
You see here a +0 club.
There is an open door here.
There is an open door here.
There is a staircase leading out of the dungeon here.
You have escaped!

#.##.###.~~~~~~~.#.......####
#.##.# #..~~~~~..#...##......
#....# ##...~...##..........#
###### ###############.##..#
##..# ##~.≈## ##..##.....#
#....# ###'#####....#..#.##
#....###.....###....#.##.#
#....#.#.....#8#....'.##.#
#..#.#.'..@.2'.'...)'.##.#
#....#.#..>..#8#....'.##.#
#....###.....###....#....##
#....# ###'#####....#.#.#.#
##..# #≈.≈# ##..##...... ###
####### #####.#.#.# #.......#
#....>. #.........# #.#.#.#
#.........# #......


You could see a hell beast.

Vanquished Creatures
  the Royal Jelly (Slime:5)
  5 dread liches
  5 orbs of fire
  3 ancient liches
  A juggernaut (Depths:1)
  the Lernaean hydra (Swamp:4)
  3 Killer Klowns
  Margery (Vaults:5)
  A curse toe (Zot:4)
  Nikola (Vaults:1)
  the Enchantress (Depths:1)
  11 golden dragons
  Jory (Vaults:4)
  A golden dragon (shapeshifter) (Depths:3)
  2 bone dragons
  3 doom hounds (Depths:3)
  4 Tzitzimimeh
  Jorgrun (D:15)
  3 electric golems
  An Ice Fiend (D:11)
  Zenata (Elf:3)
  12 tentacled monstrosities
  A titan (shapeshifter) (Depths:2)
  2 liches
  2 quicksilver dragons
  A walking earthen tome (Depths:1)
  24 Orb Guardians
  Grunn (Depths:3)
  3 deep elf blademasters
  7 death cobs
  3 deep elf master archers
  6 titans (Vaults:5)
  5 tentacled starspawn
  An Executioner (Abyss:3)
  21 acid blobs
  10 sphinxes
  2 storm dragons (shapeshifter) (Depths:3)
  4 shadow dragons
  11 storm dragons
  Donald (Spider:4)
  5 draconian knights
  A fenstrider witch (Swamp:3)
  11 azure jellies
  10 tengu reavers
  17 rockslimes
  An orc warlord (Vaults:4)
  7 fire giants
  A draconian monk (Zot:2)
  A draconian scorcher (Zot:2)
  9 emperor scorpions
  12 frost giants
  2 deep elf sorcerers (Elf:3)
  Louise (Spider:2)
  A demonspawn corrupter (Depths:1)
  3 iron dragons
  4 draconian shifters
  6 deep elf elementalists
  Aizul (Spider:1)
  5 ghost moths
  5 draconian annihilators
  2 balrugs (Depths:1)
  18 vault wardens
  7 quicksilver oozes
  6 war gargoyles
  2 reapers
  3 broodmothers
  3 draconian stormcallers
  5 spriggan defenders (Depths:2)
  19 very ugly things
  26 ironbound preservers
  A demonspawn blood saint (Depths:1)
  5 ironbound thunderhulks
  An ophan (Abyss:3)
  11 stone giants
  4 putrid mouths (Depths:3)
  11 green draconians
  A starflower (Abyss:3)
  13 red draconians
  8 deep elf demonologists
  2 vampire knights
  22 dire elephants
  6 yellow draconians
  An entropy weaver (shapeshifter) (Vaults:5)
  7 purple draconians
  6 eleionomae
  4 entropy weavers
  6 white draconians
  13 spark wasps
  A minotaur (Gauntlet)
  Azrael (Spider:1)
  7 deep elf annihilators
  10 black draconians
  7 bunyips
  2 crystal guardians
  A merfolk javelineer (Depths:4)
  2 blizzard demons
  6 fire dragons
  5 deep elf death magi
  14 yaktaur captains
  21 ettins
  A merfolk impaler (Depths:4)
  3 deep elf high priests
  A shambling mangrove (Swamp:3)
  2 hell beasts
  A rakshasa (Depths:1)
  2 salamander tyrants (Depths:3)
  10 spriggan air magi
  11 great orbs of eyes
  A radroach (Spider:2)
  Harold (D:9)
  4 jorogumos
  14 boulder beetles
  2 ghost crabs
  18 vault guards
  A juggernaut simulacrum (Depths:3)
  24 hydras
  An ogre mage (Vaults:4)
  6 ice dragons
  8 ironbound frosthearts
  2 peacekeepers (Vaults:1)
  Erica (D:11)
  12 centaur warriors
  A catoblepas (D:13)
  A death knight (D:14)
  13 dancing weapons
  4 two-headed ogres
  8 deep troll shamans
  3 tengu warriors
  The ghost of xian the Trooper, a novice DsWr of Fedhas (Lair:1)
  A two-headed ogre (shapeshifter) (Depths:1)
  17 alligators
  A hell hog (Depths:2)
  A spriggan berserker (Depths:1)
  13 thrashing horrors
  2 orc high priests (Elf:3)
  8 deep troll earth magi
  15 hell knights
  A soul eater (Depths:1)
  3 sun demons
  A titan zombie (Vaults:4)
  4 skeletal warriors (D:13)
  A titan skeleton (Depths:1)
  8 deep elf knights
  2 sun moths
  7 pharaoh ants
  2 wretched stars
  7 iron trolls
  A shadow wraith (Abyss:3)
  A sixfirhy (Depths:2)
  A salamander mystic (Depths:2)
  A death drake (shapeshifter) (D:14)
  4 flayed ghosts
  A spark wasp zombie (Depths:1)
  2 spatial maelstroms (Abyss:3)
  4 goliath frogs
  14 large abominations
  2 starcursed masses (Abyss:3)
  66 deep trolls
  10 swamp dragons
  6 spriggan druids
  4 steelbarb worms
  13 bog bodies
  2 glowing orange brains
  13 lindwurms
  12 orb spiders
  20 ironbound convokers
  3 harpies (Vaults:2)
  3 tengu zombies
  6 phantasmal warriors
  16 deep elf archers
  9 wizards
  4 orc knights
  20 deep elf zephyrmancers
  A golden dragon skeleton (Vaults:4)
  A mana viper (shapeshifter) (Depths:2)
  21 deep elf pyromancers
  11 necromancers
  2 stone giant zombies
  18 wolf spiders
  5 shining eyes
  7 manticores
  A fire giant zombie (Depths:1)
  2 orc sorcerers
  31 ugly things
  6 will-o-the-wisps
  29 moths of wrath
  A shining eye (shapeshifter) (Vaults:5)
  Joseph (D:8)
  A manticore (shapeshifter) (Vaults:3)
  9 cyclopes
  A worldbinder (Abyss:3)
  3 torpor snails
  9 elephants (Lair:5)
  2 black mambas (Lair:5)
  An alligator snapping turtle zombie (Abyss:3)
  2 orange demons (Lair:5)
  3 salamanders (Depths:2)
  6 smoke demons
  2 elephants (shapeshifter)
  A stone giant skeleton (Vaults:4)
  An eye of devastation (Slime:3)
  16 vault sentinels
  12 cane toads
  A centaur skeleton (Abyss:3)
  5 gargoyles (D:11)
  4 rime drakes
  2 efreet
  7 demonic crawlers
  A hellion (Abyss:2)
  2 ice devils (Lair:5)
  4 komodo dragons
  3 freezing wraiths
  20 yaktaurs
  A tormentor (D:6)
  4 kobold demonologists
  A red devil (Lair:5)
  6 ancient zymes
  A tengu conjurer (Depths:3)
  A silent spectre (Abyss:3)
  4 trolls
  A merfolk (shapeshifter) (Vaults:4)
  7 hornets
  4 bloated husks
  2 polar bears (Lair:5)
  7 blink frogs
  24 tarantellas
  A troll (shapeshifter) (D:13)
  82 slime creatures
  A tarantella (shapeshifter) (Vaults:5)
  3 raiju (Abyss:2)
  11 tyrant leeches
  An ettin skeleton (Abyss:3)
  16 spriggans
  19 jumping spiders
  23 culicivoras
  An air elemental (Elf:1)
  15 flying skulls (Gauntlet)
  3 vampires
  A ynoxinul (Abyss:2)
  A dire elephant simulacrum (Abyss:2)
  3 wraiths
  4 shadows
  6 wyverns
  7 fire elementals
  8 water elementals
  13 yaks
  7 golden eyes
  A golden eye (shapeshifter) (Gauntlet)
  7 basilisks
  A hog (shapeshifter) (Gauntlet)
  70 redbacks
  3 neqoxecs
  10 vampire mosquitoes
  2 steam dragons
  2 spatial vortices (Abyss:3)
  A steam dragon (shapeshifter) (Depths:3)
  A warg (shapeshifter) (Gauntlet)
  17 swamp worms
  5 wargs
  An acid dragon (D:14)
  16 water moccasins
  A glowing shapeshifter skeleton (Vaults:3)
  8 hell hounds
  3 floating eyes
  28 orc warriors
  A black bear (D:5)
  9 swamp drakes
  7 wolves
  10 ogres
  13 centaurs
  3 small abominations
  A phantom (D:5)
  5 elf zombies (Elf:1)
  5 kobold brigands
  11 bullfrogs
  5 necrophages
  5 scorpions
  A wight (D:7)
  19 killer bees
  3 howler monkeys
  2 electric eels
  A quasit (Abyss:2)
  A hound (D:5)
  A jelly (D:6)
  11 orc priests
  A gnoll bouda (D:6)
  5 iguanas
  12 orc wizards
  21 adders
  7 gnolls
  4 river rats
  4 shadow imps
  5 white imps
  2 ufetubi
  A worm (D:5)
  4 dart slugs
  58 orcs
  8 endoplasms
  5 giant cockroaches
  8 goblins
  5 hobgoblins
  7 jackals
  22 kobolds
  2 quokkas
  13 ball pythons
  6 bats
  6 frilled lizards
  29 rats
  A lurking horror (Abyss:3)
  9 starspawn tentacles
2130 creatures vanquished.

Vanquished Creatures (others)
  A dread lich (Zot:5)
  A golden dragon (Zot:5)
  A tentacled monstrosity (Zot:5)
  3 Orb Guardians (Zot:5)
  A death cob (Zot:5)
  An orc warlord (Orc:2)
  A war gargoyle (Vaults:5)
  A stone giant (Vaults:5)
  A green draconian (Zot:5)
  2 black draconians
  A white draconian (Zot:5)
  3 yaktaur captains (Vaults:5)
  2 deep elf high priests (Vaults:5)
  11 vault guards (Vaults:5)
  A deep troll (Vaults:1)
  An obsidian statue (Zot:5)
  5 orc knights (Orc:2)
  An orc sorcerer (Orc:2)
  A torpor snail (Spider:4)
  2 yaktaurs (Vaults:5)
  A troll (Orc:2)
  A tarantella (Spider:1)
  A fire elemental (Elf:2)
  4 wargs (Orc:2)
  11 orc warriors (Orc:2)
  An ogre (Orc:2)
  3 orc priests (Orc:2)
  3 orc wizards (Orc:2)
  18 orcs (Orc:2)
  6 demonic plants (Abyss:3)
  26 foxfires (Swamp:1)
  23 fungi
  A lurking horror (Abyss:3)
  68 plants
  9 starspawn tentacles
217 creatures vanquished.

Grand Total: 2347 creatures vanquished

Notes
Turn   | Place    | Note
-------+----------+-------------------------------------------
     0 | Abyss:1  | Midpoint the Minotaur Abyssal Knight began the quest for
                  | the Orb.
     0 | Abyss:1  | Reached XP level 1. HP: 19/19 MP: 1/1
     3 | D:1      | Escaped the Abyss
   204 | D:1      | Reached XP level 2. HP: 26/27 MP: 2/2
   840 | D:2      | Found Asavuh's Book Shoppe.
   866 | D:2      | Found Kuintonue's Assorted Antiques.
   884 | D:2      | Found Haupt's Magic Scroll Boutique.
   904 | D:2      | Reached XP level 3. HP: 31/33 MP: 3/3
   904 | D:2      | Bought a scroll of identify for 20 gold pieces
   907 | D:2      | Identified a scroll of acquirement
   956 | D:2      | Acquired 830 gold pieces
  1001 | D:2      | Bought a glimmering flail for 272 gold pieces
  1001 | D:2      | Identified the +11 flail "Boumn" {elec, Str+5 Dex+7} (You
                  | bought it in a shop on level 2 of the Dungeon)
  1013 | D:2      | Reached *** piety under Lugonu
  1246 | D:2      | Found a faded altar of an unknown god.
  1259 | D:2      | Found Unnim's Antique Armour Emporium.
  1275 | D:2      | Bought a pair of glowing gloves for 172 gold pieces
  1509 | D:3      | Reached XP level 4. HP: 40/40 MP: 4/4
  1564 | D:3      | Found a glowing drain.
  1574 | Sewer    | Entered a sewer
  1668 | Sewer    | Reached XP level 5. HP: 43/47 MP: 6/6
  1676 | Sewer    | Reached **** piety under Lugonu
  1895 | Sewer    | Reached skill level 5 in Maces & Flails
  1895 | Sewer    | Reached skill level 1 in Throwing
  1895 | Sewer    | Reached XP level 6. HP: 29/53 MP: 5/7
  2131 | D:3      | Found Lolev's Armour Emporium.
  2644 | D:4      | Found Pesas's Magic Scroll Shop.
  2725 | D:4      | Reached ***** piety under Lugonu
  2726 | D:4      | Reached skill level 5 in Fighting
  2774 | D:4      | Noticed Sigmund
  3310 | D:5      | Entered Level 5 of the Dungeon
  3329 | D:5      | Found a staircase to the Ecumenical Temple.
  3358 | D:5      | Noticed a two-headed ogre
  3455 | D:5      | Reached XP level 7. HP: 55/61 MP: 8/8
  3519 | D:5      | Found a large runed translucent door.
  3520 | D:5      | Found a large runed translucent door.
  3937 | D:6      | Noticed a steam dragon
  3954 | D:6      | Killed a steam dragon
  4062 | D:6      | Reached XP level 8. HP: 70/70 MP: 10/10
  4106 | D:6      | You fall into a shaft and drop 3 floors!
  4111 | D:9      | Noticed a two-headed ogre
  4127 | D:9      | Banished a two-headed ogre
  4128 | D:9      | Reached skill level 5 in Dodging
  4128 | D:9      | Reached skill level 5 in Invocations
  4291 | D:8      | Reached XP level 9. HP: 67/79 MP: 10/12
  4516 | D:8      | Noticed Joseph
  4526 | D:8      | Killed Joseph
  4897 | D:7      | Found an opulent altar of Gozag.
  4906 | D:7      | Found a broken altar of Ashenzari.
  5191 | D:6      | Reached skill level 10 in Maces & Flails
  6171 | D:8      | Reached XP level 10. HP: 85/88 MP: 12/14
  6436 | D:9      | Found a radiant altar of Vehumet.
  6526 | D:9      | Noticed a deep elf pyromancer
  6530 | D:9      | Killed a deep elf pyromancer
  6720 | D:9      | Noticed Harold
  6729 | D:9      | Killed Harold
  7070 | D:10     | Entered Level 10 of the Dungeon
  7565 | D:10     | Noticed a manticore
  7572 | D:10     | Killed a manticore
  7968 | D:11     | Noticed a two-headed ogre
  7983 | D:11     | Killed a two-headed ogre
  7984 | D:11     | Reached XP level 11. HP: 41/94 MP: 16/16
  8209 | D:11     | Noticed a five-headed hydra
  8214 | D:11     | Banished a five-headed hydra
  8679 | D:11     | Noticed a boulder beetle
  8689 | D:11     | Killed a boulder beetle
  8690 | D:11     | Reached skill level 10 in Dodging
  8690 | D:11     | Reached skill level 1 in Ranged Weapons
  8862 | D:11     | Reached skill level 2 in Ranged Weapons
  9104 | D:11     | Reached skill level 3 in Ranged Weapons
  9186 | D:11     | Noticed Erica
  9203 | D:11     | Killed Erica
  9329 | D:11     | Found a sparkling altar of Nemelex Xobeh.
  9333 | D:11     | Found a staircase to the Orcish Mines.
  9344 | D:11     | Found a staircase to the Lair.
  9354 | Lair:1   | Entered Level 1 of the Lair of Beasts
  9405 | Lair:1   | Noticed a wolf spider
  9405 | Lair:1   | Noticed a wolf spider
  9413 | Lair:1   | Killed a wolf spider
  9417 | Lair:1   | Killed a wolf spider
  9418 | Lair:1   | Reached skill level 10 in Fighting
  9418 | Lair:1   | Reached skill level 1 in Stealth
  9424 | Lair:1   | Reached skill level 4 in Ranged Weapons
  9811 | Lair:1   | Noticed a four-headed hydra
  9824 | Lair:1   | Killed a four-headed hydra
  9825 | Lair:1   | Reached XP level 12. HP: 107/107 MP: 17/17
 10156 | Lair:1   | Found a runed translucent gate.
 10156 | Lair:1   | Found a runed translucent gate.
 10233 | Lair:1   | Found a runed translucent gate.
 10255 | Lair:1   | Noticed xian's ghost (novice DsWr)
 10264 | Lair:1   | Killed xian's ghost
 10265 | Lair:1   | Reached skill level 5 in Ranged Weapons
 10505 | Lair:2   | Noticed a five-headed hydra
 10514 | Lair:2   | Killed a five-headed hydra
 10730 | Lair:2   | Noticed a six-headed hydra
 10739 | Lair:2   | Killed a six-headed hydra
 10995 | Lair:2   | Found a hole to the Spider Nest.
 11396 | Lair:3   | Reached skill level 6 in Ranged Weapons
 11432 | Lair:3   | Noticed an eight-headed hydra
 11443 | Lair:3   | Killed an eight-headed hydra
 11678 | Lair:3   | Found a staircase to the Swamp.
 12257 | Lair:4   | Found a transporter.
 12262 | Lair:4   | Found a transporter.
 12263 | Lair:4   | Noticed a boulder beetle
 12296 | Lair:4   | Killed a boulder beetle
 12540 | Lair:4   | Noticed a seven-headed hydra
 12547 | Lair:4   | Reached ****** piety under Lugonu
 12552 | Lair:4   | Killed a seven-headed hydra
 12700 | Lair:4   | Identified the +6 sling of the Peculiar Heavens {speed,
                  | Fragile Str+5}
 12732 | Lair:4   | Noticed a five-headed hydra
 12742 | Lair:4   | Killed a five-headed hydra
 13254 | Lair:5   | Entered Level 5 of the Lair of Beasts
 13263 | Lair:5   | Reached skill level 7 in Ranged Weapons
 13270 | Lair:5   | Noticed a six-headed hydra
 13273 | Lair:5   | Noticed a four-headed hydra
 13312 | Lair:5   | Noticed a six-headed hydra
 13317 | Lair:5   | Killed a six-headed hydra
 13318 | Lair:5   | Reached XP level 13. HP: 106/122 MP: 15/18
 13865 | Lair:5   | Reached skill level 8 in Ranged Weapons
 13865 | Lair:5   | Reached skill level 5 in Armour
 14219 | Lair:5   | Found a staircase to the Slime Pits.
 14323 | Lair:5   | Noticed a dire elephant
 14345 | Lair:5   | Killed a dire elephant
 14615 | Lair:5   | Found a burning altar of Makhleb.
 14683 | Lair:5   | Reached skill level 15 in Fighting
 14706 | Lair:5   | Reached skill level 10 in Invocations
 14734 | Lair:5   | Reached skill level 9 in Ranged Weapons
 14804 | Lair:5   | Found a gateway to Hell.
 15192 | D:5      | Found a sparkling altar of Nemelex Xobeh.
 15202 | D:5      | Found an ornate altar of the Wu Jian Council.
 15647 | D:12     | Noticed Maurice
 15665 | D:12     | Noticed Maurice
 15667 | D:12     | Killed Maurice the steam dragon
 16186 | D:12     | Reached XP level 14. HP: 135/135 MP: 10/20
 16192 | D:12     | Found Vuablyba's Magic Scroll Boutique.
 16210 | D:12     | Bought 2 scrolls of identify for 64 gold pieces
 16648 | D:13     | Reached skill level 10 in Ranged Weapons
 16746 | D:13     | Found Saladdeo's Armour Shop.
 18156 | D:13     | Found a gate to the Vaults.
 18409 | Orc:1    | Entered Level 1 of the Orcish Mines
 18438 | Orc:1    | Reached skill level 11 in Ranged Weapons
 18591 | Orc:2    | Entered Level 2 of the Orcish Mines
 18591 | Orc:2    | Noticed an orc warlord
 18592 | Orc:2    | Corrupted Orc:2
 18592 | Orc:2    | Noticed a purple very ugly thing
 18596 | Orc:2    | Noticed a cacodemon
 18600 | Orc:2    | Killed an orc warlord
 18613 | Orc:2    | Noticed a balrug
 18682 | Orc:2    | Found Doecor's Book Shoppe.
 18682 | Orc:2    | Found Axzipi's Antique Armour Shop.
 18701 | Orc:2    | Found Wuzxut's Distillery.
 19166 | Orc:2    | Found Ugomoj's Armour Shoppe.
 19166 | Orc:2    | Found Elimam's Weapon Shop.
 19697 | Orc:2    | Found a staircase to the Elven Halls.
 20029 | Orc:1    | You fall into a shaft and drop 1 floor!
 20347 | D:2      | Bought the +8 longbow "Zephyr" {speed, Dex+3 SInv} for 2464
                  | gold pieces
 20347 | D:2      | Found the +8 longbow "Zephyr" {speed, Dex+3 SInv}
 20800 | D:14     | Found a portal to a secret trove of treasure.
 20805 | D:14     | Reached skill level 15 in Dodging
 20997 | D:14     | Reached skill level 12 in Ranged Weapons
 21828 | D:14     | Reached skill level 13 in Ranged Weapons
 21934 | D:14     | Reached XP level 15. HP: 87/141 MP: 14/21
 22142 | D:14     | Identified the amulet "Haucwoci" {Acrobat Harm rC+}
 22145 | D:14     | Identified the ring of Nozxen {Wiz rElec}
 22149 | D:14     | Identified the ring "Coychud" {rPois MP+9 Int-4 Dex+6 SInv}
 22171 | D:14     | Found a runed translucent door.
 22174 | D:14     | Found a runed translucent door.
 22284 | D:15     | Entered Level 15 of the Dungeon
 22284 | D:15     | Noticed Jorgrun
 22301 | D:15     | Killed Jorgrun
 22605 | D:14     | Identified the ring of the Scorching Ancients {Fire Will+
                  | MP+9 Str-2 SInv}
 22623 | D:15     | Found a gate leading to a gauntlet.
 22642 | Gauntlet | Entered a Gauntlet
 22642 | Gauntlet | Found a transporter.
 22642 | Gauntlet | Found a runed translucent door.
 22645 | Gauntlet | Found a runed translucent door.
 22651 | Gauntlet | Found a transporter.
 22654 | Gauntlet | Found a transporter.
 22655 | Gauntlet | Found a transporter.
 22663 | Gauntlet | Found a transporter.
 22666 | Gauntlet | Found a transporter.
 22667 | Gauntlet | Found a transporter.
 22678 | Gauntlet | Found a transporter.
 22678 | Gauntlet | Found a transporter.
 22679 | Gauntlet | Found a transporter.
 22687 | Gauntlet | Found a transporter.
 22690 | Gauntlet | Found a transporter.
 22691 | Gauntlet | Found a transporter.
 22695 | Gauntlet | Found a runed translucent door.
 22697 | Gauntlet | Found a runed translucent door.
 22699 | Gauntlet | Found a transporter.
 22866 | Gauntlet | Reached skill level 14 in Ranged Weapons
 23201 | Gauntlet | Got the Book of Intoxication and Shifting
 23214 | Gauntlet | Got Voicsotz's Folio of the Compass
 23547 | D:15     | Found Vajao's Armour Emporium.
 23710 | D:15     | Identified the +3 scale mail of Ubiquitous Wonder {rF+}
 23761 | D:15     | Acquired a manual of Invocations
 23939 | D:15     | Found a staircase to the Depths.
 24351 | Swamp:1  | Entered Level 1 of the Swamp
 24377 | Swamp:1  | Reached skill level 15 in Ranged Weapons
 25111 | Swamp:1  | Reached skill level 16 in Ranged Weapons
 26955 | Swamp:3  | Reached skill level 1 in Evocations
 27100 | Swamp:3  | Noticed a fenstrider witch
 27109 | Swamp:3  | Killed a fenstrider witch
 27117 | Swamp:3  | Reached XP level 16. HP: 149/149 MP: 22/22
 27637 | Swamp:4  | Entered Level 4 of the Swamp
 27798 | Swamp:4  | Reached skill level 17 in Ranged Weapons
 28467 | Swamp:4  | Noticed the 27-headed Lernaean hydra
 28483 | Swamp:4  | Killed the 27-headed Lernaean hydra
 28802 | Swamp:4  | Reached skill level 18 in Ranged Weapons
 28931 | Swamp:4  | Identified the +4 broad axe of the Distant Future {vorpal,
                  | rF+}
 28951 | Swamp:4  | Got a decaying rune of Zot
 29100 | Spider:1 | Entered Level 1 of the Spider Nest
 29326 | Spider:1 | Noticed Aizul
 29358 | Spider:1 | Killed Aizul
 29764 | Spider:1 | Noticed Azrael
 29784 | Spider:1 | Killed Azrael
 29823 | Spider:1 | Reached XP level 17. HP: 159/160 MP: 23/23
 30310 | Spider:2 | Noticed Louise
 30310 | Abyss:2  | Cast into level 2 of the Abyss (Louise)
 30431 | Abyss:2  | Reached skill level 19 in Ranged Weapons
 30657 | Abyss:2  | Reached skill level 10 in Armour
 30752 | Abyss:2  | Noticed a bone dragon
 30768 | Abyss:2  | Killed a bone dragon
 30773 | Spider:2 | Escaped the Abyss
 30795 | Spider:2 | Killed Louise
 32727 | Spider:4 | Entered Level 4 of the Spider Nest
 33471 | Spider:4 | Reached skill level 20 in Ranged Weapons
 33493 | Spider:4 | Noticed Donald
 33520 | Spider:4 | Killed Donald
 34080 | Spider:4 | Reached XP level 18. HP: 157/171 MP: 25/25
 34696 | Spider:4 | Identified the +0 hat of Hedonism {SInv}
 34717 | Spider:4 | Got a gossamer rune of Zot
 35123 | Vaults:1 | Entered Level 1 of the Vaults
 35423 | Vaults:1 | Noticed Nikola
 35450 | Vaults:1 | Killed Nikola
 35612 | Vaults:1 | Reached skill level 21 in Ranged Weapons
 36151 | Vaults:1 | Found Piepo's Jewellery Boutique.
 36933 | Vaults:1 | Found a runed translucent gate.
 36933 | Vaults:1 | Found a runed translucent gate.
 36933 | Vaults:1 | Found an ancient bone altar of Kikubaaqudgha.
 36933 | Vaults:1 | Found a runed translucent gate.
 36933 | Vaults:1 | Noticed crisisinutopia's ghost (adept MiFi)
 36933 | Vaults:1 | Noticed Bailed's ghost (veteran MiMo)
 36933 | Vaults:1 | Noticed an ancient lich
 36933 | Vaults:1 | Noticed a lich
 36934 | Vaults:1 | Noticed HilariousDeathArtist's ghost (adept CeWn)
 37972 | Vaults:2 | Reached skill level 22 in Ranged Weapons
 37972 | Vaults:2 | Reached XP level 19. HP: 179/179 MP: 28/28
 38775 | Vaults:2 | Reached skill level 15 in Invocations
 39588 | Vaults:3 | Reached skill level 15 in Armour
 40291 | Vaults:3 | Found a staircase to the Crypt.
 40291 | Vaults:3 | Found a basalt altar of Yredelemnul.
 40292 | Vaults:3 | Found an ancient bone altar of Kikubaaqudgha.
 40674 | Vaults:3 | Identified the +3 scale mail of Imperfection {rF+ Str+4
                  | Int+2}
 41661 | Vaults:3 | Reached XP level 20. HP: 164/191 MP: 29/31
 41810 | Vaults:4 | Noticed Jory
 42774 | Vaults:4 | Learned a level 3 spell: Portal Projectile
 42779 | Vaults:4 | Learned a level 4 spell: Passage of Golubria
 43139 | Vaults:4 | Reached skill level 5 in Stealth
 43172 | Vaults:4 | Found a runed translucent door.
 43172 | Vaults:4 | Found a shimmering altar of Xom.
 43172 | Vaults:4 | Noticed Tang's ghost (master DsGl)
 43531 | Elf:1    | Entered Level 1 of the Elven Halls
 43540 | Elf:1    | Reached skill level 1 in Translocations
 43598 | Elf:1    | Paralysed by an air elemental for 1 turns
 43620 | Elf:1    | Reached skill level 1 in Spellcasting
 44185 | Elf:1    | Found a radiant altar of Vehumet.
 44349 | Elf:1    | Got the Grimoire of Mortification
 44883 | Elf:2    | Found a runed translucent gate.
 44883 | Elf:2    | Found a runed translucent gate.
 44883 | Elf:2    | Found a runed translucent gate.
 44971 | Elf:2    | Found Vesyj's Jewellery Emporium.
 44971 | Elf:2    | Found Loibiur's Book Shop.
 44972 | Elf:2    | Found Qyihahuom's Book Shop.
 45143 | Orc:2    | Bought +0 pearl dragon scales for 1700 gold pieces
 45337 | Elf:3    | Entered Level 3 of the Elven Halls
 45834 | Elf:3    | Noticed Zenata
 45847 | Elf:3    | Killed Zenata
 45977 | Elf:3    | Identified the +1 scale mail of Mutualism {rPois Dex+3}
 46391 | Elf:3    | Identified the amulet of Kueciw {Faith rPois}
 46559 | Elf:3    | Identified the +4 war axe "Cahitar" {freeze, *Noise Fly
                  | rElec rF++}
 46604 | Elf:3    | Identified the amulet "Yssu" {Faith +Inv Str+4}
 46610 | Elf:3    | Reached XP level 21. HP: 188/201 MP: 32/32
 46740 | Elf:3    | Got the Anthology of the Baneful Throng
 46806 | Abyss:3  | Cast into level 3 of the Abyss (a deep elf demonologist)
 47015 | Abyss:3  | Got an abyssal rune of Zot
 47137 | Elf:3    | Escaped the Abyss
 47139 | Elf:3    | Gained mutation: You have large cloven feet. [a neqoxec]
 47237 | Elf:3    | Identified the +1 quarterstaff "Duloq" {flame, rC+}
 47245 | Elf:3    | Identified the +11 great mace of Skirmishing {freeze, rF+}
 47251 | Elf:3    | Identified the ring "Luurghuaz" {rF+ MP+9 Str+3}
 47267 | Elf:3    | Identified the +2 quarterstaff of Xaliog {freeze, rF-
                  | Int+3}
 47298 | Elf:3    | Got the Commentary on Petrous Sinister Liturgies
 47658 | Depths:1 | Entered Level 1 of the Depths
 47904 | Depths:1 | Reached skill level 5 in Translocations
 48024 | Depths:1 | Identified the +1 chain mail of the Bruised Planets
                  | {+Blink}
 48611 | Depths:1 | Found a one-way gate to the infinite horrors of the Abyss.
 48678 | Depths:1 | Noticed a juggernaut
 48696 | Depths:1 | Killed a juggernaut
 49568 | Elf:2    | Bought the ring "Horaug" {rPois rC+ Str+3 SInv} for 747
                  | gold pieces
 50362 | Depths:2 | Noticed the Enchantress
 50389 | Depths:1 | Killed the Enchantress
 51307 | Depths:2 | Found a one-way gate leading to the halls of Pandemonium.
 51541 | Depths:2 | Found a one-way gateway to a ziggurat.
 51556 | Depths:2 | Noticed a golden dragon
 51572 | Depths:2 | Killed a golden dragon
 51826 | Depths:2 | Reached XP level 22. HP: 167/211 MP: 33/33
 51928 | Depths:2 | Found a runed translucent gate.
 51928 | Depths:2 | Found a runed translucent gate.
 51930 | Depths:2 | Found a runed translucent gate.
 51930 | Depths:2 | Noticed javelincjr's ghost (adept DjCj)
 51931 | Depths:2 | Noticed a dread lich
 52264 | Depths:2 | Identified the +1 plate armour of the Abyss {Str+2 Int+4}
 52440 | Depths:2 | Noticed a juggernaut
 52446 | Depths:2 | a juggernaut changed into a titan
 53218 | Abyss:3  | Found a bloodstained altar of Trog.
 53657 | Abyss:3  | Found a corrupted altar of Lugonu.
 53757 | Abyss:3  | Found a corrupted altar of Lugonu.
 53845 | Depths:3 | Escaped the Abyss
 54306 | Depths:3 | Learned a level 3 spell: Mephitic Cloud
 54596 | Depths:3 | Noticed Grunn
 54749 | Depths:3 | Noticed a golden dragon
 54754 | Depths:3 | Killed a golden dragon
 54793 | Depths:3 | Reached skill level 10 in Translocations
 54838 | Depths:3 | Killed Grunn
 55200 | Depths:4 | Entered Level 4 of the Depths
 55332 | Depths:4 | Noticed a golden dragon
 55349 | Depths:3 | Killed a golden dragon
 55441 | Abyss:3  | Found a corrupted altar of Lugonu.
 55576 | Abyss:3  | Reached XP level 23. HP: 58/223 MP: 34/34
 55611 | Depths:4 | Escaped the Abyss
 56794 | Depths:4 | Found a gate to the Realm of Zot.
 57395 | Elf:2    | Bought a ring of resist corrosion for 320 gold pieces
 57407 | Elf:2    | Learned a level 3 spell: Lesser Beckoning
 57413 | Elf:2    | Learned a level 5 spell: Manifold Assault
 57653 | Slime:1  | Entered Level 1 of the Pits of Slime
 57677 | Slime:1  | Gained mutation: You occasionally lose the ability to drink
                  | potions when taking damage. [a shining eye]
 58335 | Slime:5  | Entered Level 5 of the Pits of Slime
 58475 | Slime:5  | Reached skill level 15 in Maces & Flails
 58514 | Slime:5  | Noticed the Royal Jelly
 59238 | Slime:5  | Found a viscous altar of Jiyva.
 59363 | Slime:5  | Found the +8 lance "Wyrmbane" {slay drac, rPois rF+ rC+
                  | AC+3}
 59793 | Slime:5  | Killed the Royal Jelly
 59952 | Slime:5  | Got a slimy rune of Zot
 60013 | Slime:5  | Identified the amulet of Imaem {Spirit rPois rC+}
 60075 | Slime:5  | Identified the +3 dagger "Ejitilum" {holy, Contam rN+ Int-4
                  | Dex+8}
 60487 | Orc:2    | Bought a +1 hat of intelligence for 272 gold pieces
 60531 | Orc:2    | Bought a book of Cantrips for 120 gold pieces
 60531 | Orc:2    | Bought a book of Burglary for 200 gold pieces
 60533 | Orc:2    | Learned a level 1 spell: Apportation
 60536 | Orc:2    | Learned a level 2 spell: Passwall
 60543 | Orc:2    | Learned a level 6 spell: Dispersal
 60547 | Orc:2    | Learned a level 3 spell: Swiftness
 60873 | Zot:1    | Entered Level 1 of the Realm of Zot
 60964 | Zot:1    | Noticed an orb of fire
 60976 | Zot:1    | Gained mutation: You do not regenerate when monsters are
                  | visible. [an orb of fire]
 60983 | Zot:1    | Gained mutation: Your body sometimes deteriorates upon
                  | taking damage. [an orb of fire]
 60985 | Zot:1    | Gained mutation: You sometimes lose the ability to drink
                  | potions when taking damage. [an orb of fire]
 61320 | D:15     | Lost mutation: You do not regenerate when monsters are
                  | visible. [potion of mutation]
 61320 | D:15     | Lost mutation: You have large cloven feet. [potion of
                  | mutation]
 61320 | D:15     | Lost mutation: You sometimes lose the ability to drink
                  | potions when taking damage. [potion of mutation]
 61320 | D:15     | Gained mutation: You are partially covered in iridescent
                  | scales. (AC +2) [potion of mutation]
 61320 | D:15     | Gained mutation: Your spells are a little harder to cast,
                  | but a little more powerful. [potion of mutation]
 61321 | D:15     | Lost mutation: Your body sometimes deteriorates upon taking
                  | damage. [potion of mutation]
 61321 | D:15     | Lost mutation: Your spells are a little harder to cast, but
                  | a little more powerful. [potion of mutation]
 62801 | Zot:2    | Reached skill level 1 in Polearms
 62949 | Zot:2    | Reached skill level 5 in Spellcasting
 63427 | Zot:2    | Reached skill level 5 in Polearms
 64208 | Zot:3    | Identified the +3 ring mail "Adduutof" {Will++ Str-2 Int+4}
 64278 | Zot:3    | Reached XP level 24. HP: 193/231 MP: 34/34
 64835 | Zot:3    | Reached skill level 10 in Polearms
 66172 | Zot:4    | Noticed a Killer Klown
 66173 | Zot:4    | Noticed a Killer Klown
 66481 | Zot:4    | Killed a Killer Klown
 66534 | Zot:4    | Killed a Killer Klown
 66959 | Zot:1    | Gained mutation: Your magical capacity is low. (-10% MP)
                  | [an orb of fire]
 66979 | Zot:1    | Killed an orb of fire
 67177 | Zot:1    | You fall into a shaft and drop 1 floor!
 67614 | Zot:1    | Paralysed by a floating eye for 4 turns
 67640 | Zot:1    | Noticed a dread lich
 67643 | Zot:1    | Noticed a dread lich
 67662 | Zot:1    | Noticed a dread lich
 67663 | Zot:1    | Killed a dread lich
 67674 | Zot:1    | Killed a dread lich
 67695 | Zot:1    | Paralysed by a dread lich for 3 turns
 67698 | Zot:1    | Noticed a dread lich
 68234 | D:4      | Bought a scroll of teleportation for 33 gold pieces
 68234 | D:4      | Bought a scroll of blinking for 82 gold pieces
 68234 | D:4      | Bought a scroll of enchant armour for 82 gold pieces
 68473 | D:14     | You paid a toll of +2 storm dragon scales to enter a
                  | treasure trove
 68474 | Trove    | Entered a treasure trove
 68486 | Trove    | Found the +5 robe of Night {Dark Will+ SInv}
 68488 | Trove    | Identified the +0 pair of gloves of Tenacity {rPois rC+
                  | SInv}
 68492 | Trove    | Identified the +2 buckler of Gieteb {rC++ Dex+4 SInv}
 68494 | Trove    | Identified the +1 plate armour "Beupn" {rN+}
 68515 | Trove    | Identified the amulet of Xapheeh {RegenMP +Blink Int+6}
 68517 | Trove    | Identified the amulet "Ficenu" {Reflect Will+++ SH+5}
 68519 | Trove    | Identified the amulet "Juri" {Faith -Cast rC+ rN+}
 69726 | Vaults:4 | Killed Jory
 69937 | Vaults:5 | Entered Level 5 of the Vaults
 69938 | Vaults:5 | Corrupted Vaults:5
 70107 | Vaults:5 | Reached XP level 25. HP: 110/238 MP: 31/31
 70228 | Vaults:5 | Reached XP level 26. HP: 94/246 MP: 31/31
 70394 | Vaults:5 | Identified the +8 rapier of the Inferno {freeze, rF+++
                  | Str+4 Dex-3}
 70403 | Vaults:5 | Noticed an ancient lich
 70450 | Vaults:5 | Noticed a dread lich
 71248 | Vaults:4 | Killed a dread lich
 71352 | Vaults:5 | Identified the +8 short sword of Cheibriados, Mashing
                  | {chaos, Int+3}
 71618 | Vaults:4 | Killed an ancient lich
 72233 | Vaults:5 | Identified the +0 scale mail "Rasmiq" {Harm rN+}
 72657 | Vaults:5 | Identified the +5 mace of Inference {pain, Int+4}
 72679 | Vaults:5 | Reached skill level 23 in Ranged Weapons
 72756 | Vaults:5 | Learned a level 2 spell: Wereblood
 72932 | Vaults:5 | Got a silver rune of Zot
 73113 | Vaults:5 | Noticed Margery
 73157 | Vaults:5 | Killed Margery
 73452 | Crypt:1  | Entered Level 1 of the Crypt
 73949 | Zot:5    | Entered Level 5 of the Realm of Zot
 74561 | Zot:5    | Corrupted Zot:5
 74579 | Zot:5    | Killed a dread lich
 74634 | Zot:5    | Noticed an orb of fire
 74635 | Zot:5    | Noticed a dread lich
 74638 | Zot:5    | Killed a dread lich
 74639 | Zot:5    | Noticed a dread lich
 74640 | Zot:5    | Gained mutation: Your magical capacity is very low. (-20%
                  | MP) [an orb of fire]
 74640 | Zot:5    | Noticed an ancient lich
 74641 | Zot:5    | Noticed an orb of fire
 74644 | Zot:5    | Gained mutation: You are strong-willed. (Will+) [an orb of
                  | fire]
 74647 | Zot:5    | Noticed an orb of fire
 74648 | Zot:5    | Noticed an ancient lich
 74650 | Zot:5    | Gained mutation: You sometimes lose your temper in combat.
                  | [an orb of fire]
 74651 | Zot:5    | Noticed an orb of fire
 74651 | Zot:5    | Noticed an orb of fire
 74653 | Zot:5    | Killed an orb of fire
 74653 | Zot:5    | Noticed an orb of fire
 74654 | Zot:5    | Gained mutation: You are dopey. (Int -2) [an orb of fire]
 74824 | Zot:4    | Lost mutation: You sometimes lose your temper in combat.
                  | [potion of mutation]
 74824 | Zot:4    | Lost mutation: You are partially covered in iridescent
                  | scales. (AC +2) [potion of mutation]
 74824 | Zot:4    | Gained mutation: You are partially covered in large bone
                  | plates. (SH +4) [potion of mutation]
 74824 | Zot:4    | Gained mutation: You have sharp fingernails. [potion of
                  | mutation]
 74824 | Zot:4    | Gained mutation: Your flesh is cold resistant. (rC+)
                  | [potion of mutation]
 75058 | Zot:5    | Killed an ancient lich
 75070 | Zot:5    | Killed an orb of fire
 75514 | Zot:5    | Gained mutation: You are clumsy. (Dex -2) [an orb of fire]
 75515 | Zot:5    | Killed an orb of fire
 75975 | Zot:5    | Killed an orb of fire
 76477 | Zot:4    | Killed a dread lich
 76896 | Zot:5    | Killed an ancient lich
 77247 | Zot:5    | Got the Orb of Zot
 77313 | Zot:4    | Reached XP level 27. HP: 195/256 MP: 28/28
 78180 | D:$      | Escaped with the Orb!

Illustrated notes

Levels and vault maps discovered:
D:1:      shiori_arrival_elements, layout_basic, st_stairs_9
D:2:      layout_basic, ebering_ecumenical_altar_webs, serial_shops, shop, shop,
          nicolae_shop_trees, nicolae_shop_trees
D:3:      layout_rooms, serial_shops, shop, gup_sewer_entry_bubbles,
          grunt_ministairs_8, amcnicky_mini_corridor_feature,
          kennysheep_small_spiral, kennysheep_decorative_pillar
D:4:      layout_loops_ring, serial_shops, nicolae_shop_statue_plus,
          uniq_sigmund
D:5:      layout_rooms, jmf_multi_god_temple2, minmay_temple_entry_waves
D:6:      layout_basic, nicolae_titane
D:7:      layout_rooms, jmf_multi_god_temple, nicolae_lava_and_water
D:8:      layout_loops_ring, uniq_joseph
D:9:      layout_roguey, nicolae_vehumet_altar_sigil, uniq_harold
D:10:     layout_layer_cave
D:11:     cheibrodos_statue_roulette, layout_basic, lair_entry_dummy,
          orc_0_dummy, nemelex_xobeh_ov_fountains_minmay, uniq_erica
D:12:     layout_loops_ring, serial_shops, nicolae_shop_statue_plus,
          uniq_maurice
D:13:     layout_stronghold, david_vaults_5, serial_shops,
          nicolae_shop_hallway_plus
D:14:     minmay_the_grid_triangle_9x9_recursive_2_mashed
          [minmay_the_grid_triangle_9x9_prize_special,
          minmay_the_grid_triangle_9x9_alien,
          minmay_the_grid_triangle_9x9_sprig,
          minmay_the_grid_triangle_9x9_tough_junction], layout_layer_cave,
          enter_trove_0
D:15:     grunt_enter_depths_hoard, layout_loops_ring, serial_shops,
          nicolae_shop_hallway_plus, gauntlet_entry_generic, uniq_jorgrun
Lair:1:   layout_regular_city, ebering_ghost_rock_garden, minivault_11,
          nicolae_lair_run_with_the_wolves, serial_bayou_shore_b
Lair:2:   layout_gridlike, spider_nest_entry_rubble
Lair:3:   layout_regular_city, minmay_swamp_entry_reptiles,
          serial_bayou_shore_a, grunt_megastairs_1
Lair:4:   gammafunk_boulding_lane, layout_cave_pods, serial_bayou_pond_a
Lair:5:   evil_forest, layout_small_grid, slime_entry_1,
          nicolae_quartered_pool_super
Swamp:1:  layout_basic_swamp, evilmike_swamp_ruin_house_5,
          nicolae_swamp_wisp_ring_woods
Swamp:2:  layout_falls_marsh, nicolae_swamp_stair_fork
Swamp:3:  layout_basic_swamp, evilmike_swamp_ruin_house_6, swamp_pool1,
          infiniplex_staircase_pool
Swamp:4:  grunt_swamp_rune_castle, layout_basic_swamp,
          infiniplex_staircase_pool_2
Spider:1: layout_spider_delve, uniq_aizul, uniq_azrael
Spider:2: layout_spider_delve, uniq_louise
Spider:3: layout_cave_pods
Spider:4: grunt_spider_rune_circles, uniq_donald
Slime:1:  layout_caves
Slime:2:  layout_caves
Slime:3:  layout_caves
Slime:4:  layout_caves, nicolae_slime_welcoming_committee
Slime:5
Orc:1:    layout_diamond_mine
Orc:2:    st_orc_town, layout_caves, serial_shops,
          nicolae_shop_advertising_works [nicolae_subvault_shop_adworks]
Elf:1:    elf_arrival_001, layout_geoelf_octagon, basic_altar,
          minmay_elf_necromancy
Elf:2:    elven_hall_of_blades_hangedman_original
          [nicolae_blade_entry_pointy_end], layout_gridlike, minmay_shop_grove,
          uniq_asterion
Elf:3:    elf_hall_gauntlet_narrow, layout_geoelf_diagonals, uniq_zenata
Vaults:1: gammafunk_ghost_crypt, nicolae_vaults_three_branches,
          dpeg_vaults_monster_row, v_misc_13, grunt_vaults_swirl,
          nicolae_vaults_know_your_exits, serial_ice_m, vaults_room_hallway,
          grunt_vaults_twisty, ontoclasm_vaults_chip, v_misc_12,
          nicolae_vaults_asterisk, layout_vaults_omnicross, serial_shops,
          shop_statue, uniq_nikola
Vaults:2: st_cells, nicolae_vaults_network_s, nicolae_vaults_little_squares_5,
          nicolae_vaults_rhombus_6, ontoclasm_vaults_fault, v_pattern_3,
          nicolae_vaults_stairing_the_circle, vaults_room_octagon,
          ontoclasm_vaults_pinch, grunt_vaults_funnel,
          vaults_mumra_chevron_long, vaults_dpeg_cross, layout_vaults_maze
Vaults:3: minmay_crypt_entry_necro_gods, grunt_vaults_diagonal, v_misc_4,
          hangedman_vaults_trim, v_misc_30, kb_rosetta, v_misc_33,
          vaults_room_pool, v_rooms_3, nicolae_vaults_yaktaur_gun_rack,
          v_alt_pattern_1, ontoclasm_vaults_twist, v_misc_15,
          nicolae_vaults_little_squares_4, layout_vaults_ring
Vaults:4: ebering_ghost_xom, hangedman_vaults_capsules, vaults_room_glass_cross,
          v_misc_19, nicolae_vaults_network_star, v_rooms_6, v_misc_19,
          ontoclasm_vaults_idyll, nicolae_vaults_windows_and_doors_thing,
          ontoclasm_vaults_ring_small, nicolae_vaults_mini_display_case,
          layout_vaults_big_room, uniq_jory
Vaults:5: uniq_margery
Crypt:1:  layout_gridlike, grunt_megastairs_5
Depths:1: layout_basic, grunt_mini_vestibule, abyss_entry, minmay_evil_grid,
          grunt_megastairs_3
Depths:2: kennysheep_six_static_rooms, layout_cave_pools, enter_ziggurat_e,
          grunt_pan_entry_in_and_out, gammafunk_ghost_necromancy, hellmouth_1,
          serial_sigils_hangedman_etch, minmay_hollow_rounded_squares,
          uniq_enchantress
Depths:3: hangedman_crystal_crosses_colossus [crystal_crosses_arms_two,
          crystal_crosses_arms_two, crystal_crosses_arms_one,
          crystal_crosses_arms_one], abyss_entry, hell_entry, uniq_grunn
Depths:4: evilmike_zot_entry_round, layout_cave_shapes, serial_bayou,
          serial_bayou_lagoon_b, serial_bayou_pond_e, serial_bayou_crossing,
          serial_bayou_lagoon_a, hell_entry, minmay_misc_feat_ornament
Zot:1:    hellmonk_paralyzer, layout_twisted_circle, grunt_ministairs_9
Zot:2:    layout_cellular_growth
Zot:3:    layout_gridlike, lemuel_lich_library
Zot:4:    grunt_zot_stairs_faceoff, layout_misc_corridors
Zot:5:    layout_gridlike

Skill      XL: |  1  2  3  4  5  6  7  8  9 10 11 12 13 14 15 16 17 18 19 20 21 22 23 24 25 26 |
---------------+-------------------------------------------------------------------------------+-----
Invocations    | 2 3 4 5 6 8 10 11 14 16 18 | 18.7
Maces & Flails | 3 4 5 7 9 11 13 14 16 | 16.1
Fighting       | 4 5 7 8 10 13 15 16 17 18 19 20 22 | 22.8
Dodging        | 2 3 4 5 6 8 10 11 12 15 16 18 19 20 | 20.8
Throwing       | 1 2 |  2.0
Ranged Weapons | 4 7 9 13 16 18 20 22 23 | 23.8
Stealth        | 2 4 6 |  6.0
Armour         | 3 5 7 9 11 13 15 16 20 21 22 | 22.8
Evocations     | 1 4 |  4.0
Translocations | 4 7 10 11 12 | 12.0
Spellcasting   | 2 3 5 7 8 |  8.1
Polearms       | 7 12 13 | 13.8

Action                   |  1- 3 |  4- 6 |  7- 9 | 10-12 | 13-15 | 16-18 | 19-21 | 22-24 | 25-27 || total
-------------------------+-------+-------+-------+-------+-------+-------+-------+-------+-------++-------
Melee: Mace              |    51 |       |       |       |       |       |       |       |       ||    51
       Headbutt          |     6 |    11 |    27 |    53 |   119 |     7 |     5 |   201 |   194 ||   623
       Flail             |    24 |   122 |   135 |   244 |   409 |    30 |    23 |    39 |    34 ||  1060
       Punch             |       |       |       |       |     2 |       |       |    10 |    15 ||    27
       Longbow           |       |       |       |       |       |       |     1 |       |       ||     1
       Great mace        |       |       |       |       |       |       |       |     1 |       ||     1
       Lance             |       |       |       |       |       |       |       |   560 |   634 ||  1194
 Fire: Sling             |       |       |       |   162 |   323 |       |       |       |       ||   485
       Longbow           |       |       |       |       |   572 |  1610 |  2017 |  2524 |   583 ||  7306
Throw: Stone             |     3 |    11 |     3 |       |       |       |       |       |       ||    17
       Dart              |       |     1 |     8 |    11 |     7 |       |       |       |       ||    27
       Javelin           |       |       |       |     1 |       |       |       |       |       ||     1
 Cast: Apportation       |       |       |       |       |       |       |       |    21 |     4 ||    25
       Portal Projectile |       |       |       |       |       |       |       |     7 |     6 ||    13
       Passage of Golubr |       |       |       |       |       |       |       |     1 |       ||     1
       Dispersal         |       |       |       |       |       |       |       |       |     1 ||     1
       Manifold Assault  |       |       |       |       |       |       |       |       |     1 ||     1
Invok: Bend Space        |       |     2 |       |     4 |    27 |    51 |    39 |   109 |    55 ||   287
       Banish            |       |     1 |     1 |     4 |     1 |     2 |     1 |       |     4 ||    14
       Corrupt           |       |       |       |       |     1 |       |       |     1 |     1 ||     3
       Depart the Abyss  |       |       |       |       |       |       |     1 |       |       ||     1
       Enter the Abyss   |       |       |       |       |       |       |       |     2 |       ||     2
Evoke: Wand              |       |       |       |       |     2 |       |     1 |     1 |     5 ||     9
       Phial of floods   |       |       |       |       |     1 |       |       |       |       ||     1
       Condenser vane    |       |       |       |       |       |       |       |     1 |       ||     1
       Phantom mirror    |       |       |       |       |       |       |       |       |     1 ||     1
  Use: Scroll            |    10 |     6 |       |     3 |    18 |    12 |    10 |    22 |    11 ||    92
       Potion            |       |       |       |       |     8 |     4 |     1 |     9 |    13 ||    35
 Stab: Sleeping          |       |       |       |       |     1 |       |       |       |       ||     1
Armor: Leather armour    |     5 |       |       |       |       |       |       |       |       ||     5
       Ring mail         |    20 |    83 |    27 |    47 |   135 |    10 |       |       |       ||   322
       Swamp dragon scal |       |       |       |       |       |   113 |    28 |       |       ||   141
       Pearl dragon scal |       |       |       |       |       |       |    87 |   572 |   186 ||   845
Dodge: Dodged            |    43 |   123 |    89 |   128 |   402 |   455 |   316 |  1154 |   285 ||  2995
Block: Buckler           |       |       |     4 |    40 |    69 |       |       |       |       ||   113
       Other             |       |       |       |       |       |       |       |    17 |    97 ||   114
       Reflection        |       |       |       |       |       |       |       |       |     4 ||     4
